 Dungeon Crawl Stone Soup version 0.21-a0-525-ga34b322 (webtiles) character file.

53 slep the Chopper (level 3, 0/18 HPs)
             Began as a Vine Stalker Gladiator on Dec 8, 2017.
             Slain by Sigmund
             ... wielding a +0 scythe
              (4 damage)
             ... on level 2 of the Dungeon.
             The game lasted 00:02:38 (775 turns).

slep the Chopper (Vine Stalker Gladiator)            Turns: 775, Time: 00:02:39

Health: 0/18       AC:  4    Str: 17    XL:     3   Next: 87%
Magic:  0/4        EV: 13    Int:  8    God:
Gold:   109        SH:  0    Dex: 15    Spells: 2/2 levels left

rFire    . . .     SeeInvis .   a - +0 war axe
rCold    . . .     Gourm    .   (no shield)
rNeg     . . .     Faith    .   e - +0 robe (curse)
rPois    .         Spirit   +   c - +0 helmet
rElec    .         Reflect  .   (no cloak)
rCorr    .         Harm     .   j - +0 pair of gloves
MR       .....                  (no boots)
Stlth    +.........             (no amulet)
HPRegen  0.06/turn              (no ring)
MPRegen  0.09/turn              (no ring)

@: no status effects
A: fangs 2, magic shield, antimagic bite, no potion heal 3, rot immunity
a: no special abilities


You were on level 2 of the Dungeon.
You were not hungry.

You visited 1 branch of the dungeon, and saw 2 of its levels.

You collected 109 gold pieces.

Inventory:

Hand Weapons
 a - a +0 war axe (weapon)
Missiles
 d - 3 throwing nets (quivered)
Armour
 b - a +0 leather armour
 c - a +0 helmet (worn)
 e - a cursed +0 robe (worn)
 j - a +0 pair of gloves (worn)
Scrolls
 i - a scroll of immolation {unknown}
 l - 2 scrolls of identify {unknown}
Comestibles
 f - a bread ration
 g - 7 fruits
 k - 2 meat rations


   Skills:
 + Level 1.9 Fighting
 + Level 3.6 Axes
 + Level 1.9 Throwing
 + Level 2.9 Dodging
 + Level 0.2 Stealth


You had 2 spell levels left.
You didn't know any spells.

Dungeon Overview and Level Annotations

Branches:
Dungeon (2/15)

Altars:

Annotations:
D:2 Sigmund


Innate Abilities, Weirdness & Mutations

You have extremely sharp teeth.
When hurt, damage is shared between your health and your magic reserves.
Your bite disrupts and absorbs the magic of your enemies.
Potions cannot restore your health.
You are immune to rotting.


Message History

You hit Sigmund. You bite Sigmund, but do no damage.
Sigmund is lightly wounded.
Sigmund hits you with a scythe!
Ouch! That really hurt!
* * * LOW HITPOINT WARNING * * *
You slash Sigmund! You bite Sigmund, but do no damage.
Sigmund is moderately wounded.
Sigmund barely misses you.
You closely miss Sigmund. Your bite misses Sigmund.
Sigmund is moderately wounded.
Sigmund closely misses you.
You hit Sigmund.
Sigmund is heavily wounded.
You hit Sigmund but do no damage.
Sigmund is heavily wounded.
Sigmund misses you.
You hit Sigmund but do no damage.
Sigmund is heavily wounded.
Sigmund hits you with a scythe.
You die...

##...#####
#...#.# #...#
##...## #...#
##.## #...#
#.# ##.##
####.########
#....†...[...
#.##.#......5
# #.#..#####
#.@.......
###@.#####
..# #... ####


You could see Sigmund.

Vanquished Creatures
  Natasha (D:2)
  An adder (D:2)
  A leopard gecko (D:1)
  6 bats
  2 giant cockroaches (D:1)
  2 goblins
  A ball python (D:1)
  A frilled lizard (D:1)
  7 rats
22 creatures vanquished.

Notes
Turn   | Place    | Note
-------+----------+-------------------------------------------
     0 | D:1      | slep the Vine Stalker Gladiator began the quest for the Orb.
     0 | D:1      | Reached XP level 1. HP: 11/11 MP: 2/2
   109 | D:1      | Reached skill level 3 in Axes
   109 | D:1      | Reached XP level 2. HP: 14/15 MP: 3/3
   568 | D:2      | Noticed Natasha
   569 | D:2      | Noticed a crimson imp
   572 | D:2      | Noticed a crimson imp
   573 | D:2      | Noticed a crimson imp
   575 | D:2      | Reached XP level 3. HP: 5/18 MP: 2/4
   576 | D:2      | Killed Natasha
   770 | D:2      | Noticed Sigmund
   775 | D:2      | Slain by Sigmund

Vault maps used:
D:1:      dpeg_arrival_simpleton_b
D:2:      first_bread, uniq_natasha, uniq_sigmund

Skill      XL: |  1 |
---------------+----+-----
Axes           | 3 |  3.6
Fighting       | |  1.9
Throwing       | |  1.9
Dodging        | |  2.9
Stealth        | |  0.2

Action                   || total
-------------------------++-------
Melee: War axe           ||    40
       Bite              ||     7
  Use: Potion            ||     1
 Stab: Sleeping          ||     1
Armor: Leather armour    ||     4
       Robe              ||     6
Dodge: Dodged            ||    24

Table legend:
 A = Spawn XP
 B = Non-spawn XP
 C = Spawn XP percentage of total XP
 D = Spawn monster count
 E = Non-spawn monster count
 F = Spawn count percentage of total count
 G = Total turns spent on level
                    A         B        C        D         E        F      G
               +---------+---------+-------+---------+---------+-------+---------
         Total |       0 |      76 |   0.0 |       0 |      22 |   0.0 |   775
               +---------+---------+-------+---------+---------+-------+---------
           D:1 |       0 |      23 |   0.0 |       0 |      17 |   0.0 |   542
           D:2 |       0 |      53 |   0.0 |       0 |       5 |   0.0 |   233
               +---------+---------+-------+---------+---------+-------+---------
